Match 43739858
Unlisted

Match 43739858
End
Selects Heavy Weapons
Construct Barracks
Engineer Squad
Riflemen Squad
Riflemen Squad
Construct Weapon Support Center
Grenade Package
Selects M2HB .50cal Heavy Machine Gun
M1919 Machine Gun Team
Air Support Center
Grasshopper Recon Run
M3 Armored Personnel Carrier
.30 cal Machine Gun
P-47 Dive Bomb
Selects Assault Carriers
Selects Exchangeable Parts
P-47 Strafing Run
M1919 Machine Gun Team
Grasshopper Recon Run
M1918 Browning Automatic Rifles
.30 cal Machine Gun
Grasshopper Recon Run
Construct Motor Pool
Forward Retreat Point
Riflemen Squad
Selects Towed M5 3-inch Anti-tank Gun
Towed M5 3-inch Anti-tank Gun
Grasshopper Recon Run
Selects Gallant Stand
Riflemen Squad
P-47 Strafing Run
Towed M5 3-inch Anti-tank Gun
P-47 Dive Bomb
Selects Black Dragon Artillery Barrage
Grasshopper Recon Run
.30 cal Machine Gun
Grasshopper Recon Run
.30 cal Machine Gun
Construct Tank Depot
Engineer Squad
Grasshopper Recon Run
M18 Hellcat Tank Destroyer
P-47 Strafing Run
Grasshopper Recon Run
P-47 Strafing Run
Gallant Stand
Vasilisk
SimplyFinny
HMMhy
Kim Jong-un
MageGreen & Frechersack Prime
cheesysamurai
matrix4x4
夜明
0
0

Comments sign in to comment!

No comments posted yet!